 Dungeon Crawl Stone Soup version 0.31-a0-198-g2ad674f65e (webtiles) character file.

Game seed: 8110987450525993401

28 qw the Shooter (level 2, 0/16 HPs)
             Began as a Deep Elf Hunter on June 25, 2023.
             Succumbed to their own poison gas
             ... on level 1 of the Dungeon.
             The game lasted 00:00:20 (816 turns).

qw the Shooter (Deep Elf Hunter)                     Turns: 816, Time: 00:00:20

Health: 0/16       AC:  3    Str:  8    XL:     2   Next: 96%
Magic:  4/4        EV: 17    Int: 13    God:
Gold:   91         SH:  0    Dex: 18    Spells: 1/1 levels left

rFire   . . .        Y - +0 shortbow (freeze)
rCold   . . .        (shield currently unavailable)
rNeg    . . .        c - +0 leather armour
rPois   .            (no helmet)
rElec   .            (no cloak)
rCorr   .            (no gloves)
SInv    .            (no boots)
Will    .....        j - amulet of regeneration
Stlth   ++           g - +5 ring of evasion
HPRegen 1.02/turn    (no ring)
MPRegen 0.09/turn

%: no passive effects
@: lethally poisoned (0 -> -3), weak-willed, enlightened, flying
A: no striking features
a: no special abilities


You were on level 1 of the Dungeon.
You visited 1 branch of the dungeon, and saw 1 of its levels.

You collected 91 gold pieces.


   Skills:
 - Level 1.5 Fighting
 + Level 6.6 Ranged Weapons
 - Level 2.4 Dodging
 - Level 1.2 Stealth


You had one spell level left.
You didn't know any spells.
Your spell library was empty.

Inventory:

Hand Weapons
 Y - a +0 shortbow of freezing (weapon)
Armour
 c - a +0 leather armour (worn)
Jewellery
 g - a +5 ring of evasion (left hand)
 j - an amulet of regeneration (around neck)
Scrolls
 a - 2 scrolls of teleportation
Potions
 i - a potion of enlightenment
 k - a potion of heal wounds {unknown}
 n - a potion of invisibility {unknown}
 o - a potion of ambrosia {unknown}

Dungeon Overview and Level Annotations

Branches:
Dungeon (1/15)

Altars:


Message History

Partly explored, can't reach some places.
810 ||| DRINKING 2 sedimented sapphire potions.
It was a potion of enlightenment.
You feel very buoyant.
You fly up into the air.
Partly explored, can't reach some places.
811 ||| DROPPING scroll of butterflies.
You drop a scroll of butterflies.
Partly explored, can't reach some places.
812 ||| DROPPING 2 scrolls of vulnerability.
You drop 2 scrolls of vulnerability.
Partly explored, can't reach some places.
(D) Dungeon
Where to? (* - list waypoints, ? - help)
What level of the Dungeon? (default 1, ? - help) Sorry, I don't know how to get there.
Enter note:
Enter note:
Enter note:
Enter note:
Enter note:
Enter note:
Enter note:
Enter note:
Enter note:
Enter note:
Enter note:
Enter note: Really fly into that cloud of poison gas?
You are engulfed in poison gas.
You are poisoned.
Ouch! That really hurt!
You feel very sick.
814 ||| Stepping ~*~*~tactically~*~*~ (cloud).
You feel very sick.
Things that are here:
2 scrolls of vulnerability; a scroll of butterflies
There is a lethal amount of poison in your body!
You feel sick.
There is a lethal amount of poison in your body!
You die... #.P.......##.....##....##.......# #..P.....P#¤¤....#####.##.#.....# #####_######00)###........#.....# #P........##.0.# #.#......#..#### #...P...P.####0# #0#.##......#### #PP.PPP.PP#

#¤###¤#.####.#......
#.......P.## #.¤¤¤.#.#
#.####### .#PP.....#.#
###¤###.# #.....#
##....[..#.####0@00#.########.#
#P......#...0¤0¤¤¤¤¤0..# #.#
#.##...##..#####¤¤¤¤0##.# #.#
## #P..######..00¤0000#.# #.#
#.#### #.#0##¤¤###.# #.# ##
#.#0..¤¤0...# #.#
#.############# #.#
#..%..........# #.#
#############.# #.#


There were no monsters in sight!

Vanquished Creatures
  A bat (D:1)
  4 endoplasms (D:1)
  5 goblins (D:1)
  4 hobgoblins (D:1)
  A quokka (D:1)
  2 ball pythons (D:1)
  A frilled lizard (D:1)
  2 kobolds (D:1)
  3 rats (D:1)
  2 butterflies (D:1)
25 creatures vanquished.

Notes
Turn   | Place    | Note
-------+----------+-------------------------------------------
     0 | D:1      | qw the Deep Elf Hunter began the quest for the Orb.
     0 | D:1      | Reached XP level 1. HP: 12/12 MP: 3/3
     0 | D:1      | 0 ||| qw: Version: 0.3-a-22-g0ed2b0b
     0 | D:1      | 0 ||| qw: Game counter: 5089
     0 | D:1      | 0 ||| qw: Melee chars always use a shield: true
     0 | D:1      | 0 ||| qw: God list: Okawaru
     0 | D:1      | 0 ||| qw: Allow faded altars: false
     0 | D:1      | 0 ||| qw: Do Orc after clearing Dungeon:15 true
     0 | D:1      | 0 ||| qw: Do second Lair branch before Depths: true
     0 | D:1      | 0 ||| qw: Lair rune preference: random
     0 | D:1      | 0 ||| qw: Goals: Normal
     0 | D:1      | 0 ||| PLANNING D:1-11
   216 | D:1      | Reached XP level 2. HP: 16/16 MP: 4/4
   253 | D:1      | Reached skill level 6 in Ranged Weapons
   375 | D:1      | Found a faded altar of an unknown god.
   795 | D:1      | 795 ||| UPGRADING to amulet of regeneration.
   800 | D:1      | 800 ||| UPGRADING to +5 ring of evasion.
   801 | D:1      | 801 ||| READING 3 scrolls labelled QOUTEU KEINILL.
   805 | D:1      | 805 ||| READING 3 scrolls labelled ETHRA PI ELAHOYL.
   806 | D:1      | 806 ||| READING scroll labelled LAOPEC BAO.
   807 | D:1      | 807 ||| READING scroll labelled RANTOTH YNOE.
   808 | D:1      | 808 ||| READING scroll labelled YTRIOS VUOMUIPI.
   809 | D:1      | 809 ||| READING scroll labelled VEHECR NYHITIL.
   810 | D:1      | 810 ||| DRINKING 2 sedimented sapphire potions.
   811 | D:1      | 811 ||| DROPPING scroll of butterflies.
   812 | D:1      | 812 ||| DROPPING 2 scrolls of vulnerability.
   814 | D:1      | 814 ||| Stepping ~*~*~tactically~*~*~ (cloud).
   814 | D:1      | HP: 2/16 [poisoned by you (poison gas)]
   816 | D:1      | Succumbed to their own poison gas

Levels and vault maps discovered:
D:1:      spicycebolla_arrival_clurvy, layout_basic,
          shapermc_ecumenical_altar_gd

Skill      XL: |  1  2 |
---------------+-------+-----
Ranged Weapons | 6 |  6.6
Fighting       | |  1.5
Dodging        | |  2.4
Stealth        | |  1.2

Action                     || total
---------------------------++-------
   Fire: Shortbow          ||    52
    Use: Scroll            ||     6
         Potion            ||     1
 Armour: Leather armour    ||     2
  Dodge: Dodged            ||     4

Table legend:
 A = Non-vault XP
 B = Vault XP
 C = Vault XP percentage of total XP
 D = Non-vault monster count
 E = Vault monster count
 F = Vault count percentage of total count
                 A         B        C        D         E       F
            +---------+---------+-------+---------+---------+-------
      Total |      40 |       0 |   0.0 |      23 |       0 |   0.0
            +---------+---------+-------+---------+---------+-------
        D:1 |      40 |       0 |   0.0 |      23 |       0 |   0.0
            +---------+---------+-------+---------+---------+-------
